 Dungeon Crawl Stone Soup version 0.25-a0-163-g00f8f0cddd (webtiles) character file.

Game seed: 14590616972036958020, levelgen mode: deterministic

4 MattyRice the Cudgeler (level 1, -1/11 HPs)
             Began as an Octopode Wanderer on Nov 22, 2019.
             Hit by a stone thrown by a kobold (3 damage)
             ... on level 1 of the Dungeon.
             The game lasted 00:03:07 (94 turns).

MattyRice the Cudgeler (Octopode Wanderer)            Turns: 94, Time: 00:03:08

Health: -1/11      AC:  1    Str: 11    XL:     1   Next: 70%
Magic:  3/3        EV: 12    Int: 16    God:
Gold:   11         SH:  0    Dex:  9    Spells: 4/4 levels left

rFire    . . .     SeeInvis .   a - +0 shortbow
rCold    . . .     Gourm    .   (shield currently unavailable)
rNeg     . . .     Faith    .   (helmet restricted)
rPois    .         Spirit   .   (no amulet)
rElec    .         Reflect  .   (no ring)
rCorr    .         Harm     .   (no ring)
MR       .....                  (no ring)
Stlth    ++........             (no ring)
HPRegen  0.03/turn              (no ring)
MPRegen  0.08/turn              (no ring)
                                (no ring)
                                (no ring)

@: no status effects
A: almost no armour, stealthy swim, amphibious, 8 rings, constrict 8, camouflage
1, gelatinous body 1
a: no special abilities


You were on level 1 of the Dungeon.
You were not hungry.

You visited 1 branch of the dungeon, and saw 1 of its levels.

You collected 11 gold pieces.

Inventory:

Hand Weapons
 a - a +0 shortbow (weapon)
 d - a +0 mace
Missiles
 c - 16 arrows (quivered)
Wands
 b - a wand of enslavement (15)
Scrolls
 g - a scroll of amnesia {unknown}
Potions
 e - a potion of lignification {unknown}
Comestibles
 f - a ration


   Skills:
 + Level 3.3 Maces & Flails
   Level 1.0 Shields
 + Level 2.0 Spellcasting
   Level 1.0 Fire Magic
   Level 2.0 Earth Magic
 + Level 1.1 Evocations


You had 4 spell levels left.
You didn't know any spells.
Your spell library was empty.

Dungeon Overview and Level Annotations

Branches:
Dungeon (1/15)

Altars:


Innate Abilities, Weirdness & Mutations

You cannot wear most types of armour.
You are very stealthy in the water. (Stealth+)
You are amphibious.
You can wear up to eight rings at the same time.
You can use your tentacles to constrict eight enemies at once.
Your skin changes colour to match your surroundings (Stealth+).
Your rubbery body absorbs attacks. (AC +1, EV +1)


Message History

You now have 11 gold pieces.
You see here an arrow.
Firing (i - inventory)
c - 17 arrows (quivered)
Press: ? - help, Shift-Dir - straight line, f - rat
Aim: a rat (resting)
You shoot an arrow. The arrow hits the rat.
The rat is heavily wounded.
Firing (i - inventory)
c - 16 arrows (quivered)
Press: ? - help, Shift-Dir - straight line, f/p - rat
Aim: a rat You shoot an arrow.
The arrow hits the rat.
You kill the rat!
c - 16 arrows (gained 1)
A rat comes into view.
A kobold comes into view.
A kobold comes into view.
The kobold shouts!
A rat comes into view.
The kobold throws a stone.
The stone hits you.
You die...

#..... #....... #.....
#....... #..r..
#############< .....##
#.....####.... #
#...###.# #...#..#^.
###.###...#.#####...##..
.K...!.................(
#........############..
#....(@..# ##.
#........# #. #........#
#. r......K..# ##
###########


You could see 2 kobolds and a rat (wandering).

Vanquished Creatures
  2 hobgoblins (D:1)
  A kobold (D:1)
  2 rats (D:1)
5 creatures vanquished.

Vanquished Creatures (others)
  A ghoul (D:1)
  A vine stalker (D:1)
  A formicid (D:1)
  A human (D:1)
  A naga (D:1)
  A dwarf (D:1)
  3 centaurs (D:1)
  A mummy (D:1)
  2 kobolds (D:1)
  4 tentacles (D:1)
16 creatures vanquished.

Grand Total: 21 creatures vanquished

Notes
Turn   | Place    | Note
-------+----------+-------------------------------------------
     0 | D:1      | MattyRice the Octopode Wanderer began the quest for the
                  | Orb.
     0 | D:1      | MattyRice set off with the following items: a +0 shortbow,
                  | a wand of enslavement (15), 23 arrows, a +0 mace, a ration
     0 | D:1      | Reached XP level 1. HP: 11/11 MP: 3/3
     0 | D:1      | Noticed a ghoul
     0 | D:1      | Noticed a vine stalker
     0 | D:1      | Noticed a centaur
     0 | D:1      | Noticed a human
     0 | D:1      | Noticed a centaur
     0 | D:1      | Noticed a dwarf
     0 | D:1      | Noticed a kraken
     0 | D:1      | Noticed a naga
     0 | D:1      | Noticed a centaur
     0 | D:1      | Noticed a formicid
     4 | D:1      | Killed a human
     4 | D:1      | Killed a dwarf
     4 | D:1      | Killed a centaur
     6 | D:1      | Killed a formicid
     7 | D:1      | Killed a ghoul
     7 | D:1      | Killed a naga
     8 | D:1      | Killed a centaur
     8 | D:1      | Killed a vine stalker
     9 | D:1      | Killed a centaur
    94 | D:1      | Hit by a stone thrown by a kobold

Levels and vault maps discovered:
D:1:      nicolae_arrival_kraken_aquarium_a, layout_basic

Action                   || total
-------------------------++-------
 Fire: Shortbow          ||    10
Armor: Skin              ||     1
Dodge: Dodged            ||     9

Table legend:
 A = Non-vault XP
 B = Vault XP
 C = Vault XP percentage of total XP
 D = Non-vault monster count
 E = Vault monster count
 F = Vault count percentage of total count
                 A         B        C        D         E       F
            +---------+---------+-------+---------+---------+-------
      Total |       7 |       0 |   0.0 |       5 |       0 |   0.0
            +---------+---------+-------+---------+---------+-------
        D:1 |       7 |       0 |   0.0 |       5 |       0 |   0.0
            +---------+---------+-------+---------+---------+-------
